Map: Ruins of Seras

Players

MoonKid - Winner!

  • Race: Zerg Zerg
  • League: Platinum

Jaded

  • Race: Terran Terran
  • League: Diamond

VOD

Have the link to the VOD?

Description

Time

  • Played on: Feb. 4, 2016, 4:22 p.m.
  • Length: 22:31
Show
View Real Time Build Order
Export as new Build Order

MoonKid Zerg - Winner!

Build Orders: Hatch First 

Get SALT Encoding   

  12  0:01  Drone  
  13  0:13  Overlord  
  13  0:19  Drone  
  14  0:31  Drone x2  
  14  0:34  Drone  
  17  0:55  Hatchery  
  16  0:58  Drone  
  16  1:00  Extractor  
  16  1:02  Drone  
  17  1:17  Spawning Pool  
  16  1:20  Drone  
  17  1:28  Drone  
  17  1:30  Drone  
  19  1:39  Overlord  
  19  2:04  Queen  
  19  2:05  Zergling x2  
  19  2:06  Zergling x2  
  19  2:07  Queen  
  25  2:10  Metabolic Boost  
  25  2:15  Zergling x2  
  26  2:23  Drone x3  
  26  2:28  Drone  
  30  2:33  Drone  
  31  2:42  Drone  
  31  2:43  Queen  
  34  2:47  Overlord  
  34  2:53  Drone  
  34  2:57  Drone  
  36  3:04  Queen  
  38  3:09  Drone x2  
  39  3:21  Overlord, Drone x2  
  39  3:24  Hatchery  
  39  3:25  Drone x2  
  42  3:29  Drone  
  42  3:32  Spore Crawler  
  42  3:35  Drone  
  42  3:36  Spore Crawler  
  42  3:40  Drone  
  43  3:45  Roach Warren, Drone  
  44  3:48  Drone  
  44  3:55  Drone x4  
  48  4:05  Drone  
  48  4:06  Drone  
  50  4:12  Extractor  
  50  4:13  Drone, Extractor  
  50  4:15  Extractor  
  50  4:16  Drone  
  49  4:19  Drone x2  
  49  4:22  Overlord  
  49  4:23  Overlord  
  51  4:32  Overlord  
  51  4:35  Roach  
  51  4:36  Roach x2  
  57  4:42  Roach x2  
  61  4:46  Drone  
  61  4:47  Drone  
  62  5:01  Roach x2  
  65  5:15  Roach  
  65  5:19  Drone x3  
  65  5:20  Drone x4  
  74  5:22  Lair  
  74  5:27  Zergling x2  
  75  5:30  Drone  
  75  5:31  Drone x3  
  75  5:34  Evolution Chamber  
  78  5:35  Evolution Chamber  
  78  5:41  Spine Crawler  
  78  5:42  Drone x4  
  80  5:43  Drone x2  
  82  5:50  Overlord x3  
  82  6:01  Extractor  
  82  6:03  Extractor, Drone x2  
  82  6:09  Zerg Missile Weapons Level 1  
  82  6:10  Zerg Ground Armor Level 1  
  82  6:15  Roach x2  
  82  6:16  Roach x6  
  98  6:19  Ravager x2  
  100  6:26  Queen  
  100  6:28  Hatchery  
  100  6:30  Roach x3  
  100  6:32  Glial Reconstitution  
  105  6:36  Drone  
  105  6:38  Overlord x2  
  106  6:41  Overseer  
  106  6:51  Overlord  
  106  6:58  Overseer  
  106  6:59  Drone x3  
  106  7:00  Drone x4  
  112  7:03  Drone x3  
  112  7:08  Drone x4  
  118  7:15  Roach x4  
  127  7:16  Roach  
  129  7:28  Overlord x2  
  129  7:29  Overlord x2  
  131  7:44  Roach x3  
  131  7:46  Spine Crawler  
  131  7:50  Drone x7  
  141  7:51  Ravager  
  141  7:52  Ravager x8  
  141  7:53  Roach x3  
  156  8:07  Roach  
  156  8:08  Roach x4  
  166  8:19  Extractor  
  165  8:21  Spine Crawler, Extractor  
  165  8:23  Overseer  
  165  8:25  Infestation Pit  
  162  8:38  Roach x3  
  162  8:40  Overlord x5  
  162  8:41  Overlord  
  168  8:55  Zergling x16  
  164  9:00  Overseer, Zerg Missile Weapons Level 2, Zerg Ground Armor Level 2  
  168  9:12  Drone x4  
  168  9:15  Ravager x6  
  168  9:16  Ravager x2  
  180  9:18  Zergling x2  
  180  9:19  Zergling x8  
  183  10:05  Hive  
  181  10:14  Drone  
  181  10:15  Spore Crawler, Drone x3  
  181  10:16  Spine Crawler  
  150  10:46  Roach  
  150  10:47  Roach x20  
  164  10:53  Roach x3  
  162  11:03  Zergling x6  
  165  11:16  Roach x4  
  165  11:17  Roach  
  174  11:32  Roach  
  165  11:33  Roach x4  
  171  11:40  Adrenal Glands  
  171  11:43  Infestation Pit  
  171  11:44  Zerg Melee Weapons Level 1  
  170  11:52  Roach x8  
  170  11:53  Roach x5  
  190  12:00  Zerg Ground Armor Level 3  
  146  12:13  Roach x12  
  146  12:14  Roach  
  162  12:24  Roach x4  
  156  12:55  Hatchery  
  155  13:00  Ultralisk Cavern  
  150  13:10  Roach x9  
  155  13:20  Zergling x2  
  148  13:29  Zergling x4  
  148  13:30  Zergling x6  
  137  13:43  Zergling x6  
  137  13:44  Zergling x6  
  132  13:54  Roach x3  
  117  13:57  Roach x3  
  117  14:00  Queen x2  
  125  14:05  Ultralisk  
  125  14:06  Ultralisk x4  
  125  14:09  Chitinous Plating  
  155  14:18  Extractor  
  155  14:19  Extractor  
  155  14:21  Ultralisk x5  
  183  14:24  Zergling x2  
  181  14:36  Queen  
  181  14:37  Zergling x4  
  181  14:38  Zergling x12  
  164  14:51  Zergling x16  
  151  15:00  Zergling x4  
  145  15:07  Zergling x6  
  145  15:08  Zergling x2  
  138  15:15  Zergling x6  
  146  15:21  Ultralisk x2  
  152  15:29  Spine Crawler, Spore Crawler  
  152  15:30  Queen  
  152  15:36  Ultralisk x2  
  152  15:38  Zergling x4  
  166  16:03  Hatchery  
  165  16:06  Zergling x2  
  165  16:07  Zergling x4  
  168  16:21  Hatchery  
  168  16:24  Ultralisk  
  155  16:43  Roach x8  
  171  16:59  Zergling x2  
  171  17:00  Zergling x8  
  175  17:03  Overlord x2  
  175  17:21  Roach x3  
  181  17:24  Ravager x4  
  181  17:25  Ravager x4  
  181  17:28  Ravager x4  
  181  17:29  Ravager x2  
  195  17:31  Extractor  
  194  17:42  Overlord  
  194  17:44  Zerg Melee Weapons Level 2  
  194  17:47  Zergling x10  
  199  17:58  Extractor  
  175  18:24  Ultralisk x4  
  148  18:47  Ultralisk x3  
  146  19:01  Zergling x16  
  142  19:06  Spine Crawler  
  138  19:19  Roach x4  
  146  19:25  Overseer  
  146  19:37  Ultralisk  
  152  19:41  Queen  
  152  19:45  Queen  
  156  19:47  Drone x2  
  158  20:02  Zergling x2  
  158  20:03  Zergling x14  
  166  20:15  Spore Crawler  
  165  20:33  Zergling x10  
  165  20:34  Zergling x2  
  171  20:46  Hatchery  
  159  21:05  Ultralisk x2  
  154  21:30  Zergling x26  
  154  21:31  Zergling x2  
  153  21:40  Zergling x2  
  153  21:49  Zergling x2  
  153  21:50  Zergling x6  
Show
View Real Time Build Order
Export as new Build Order

Jaded Terran 

Build Orders: Reaper Expand, Bio Tank 

Get SALT Encoding   

  12  0:01  SCV  
  13  0:13  SCV  
  14  0:21  Supply Depot  
  14  0:25  SCV  
  15  0:44  Barracks  
  15  0:46  SCV  
  15  0:49  Refinery  
  16  0:58  SCV  
  17  1:10  SCV  
  18  1:22  SCV  
  19  1:34  Orbital Command  
  19  1:35  Reaper  
  20  1:48  Command Center  
  20  2:00  Supply Depot  
  20  2:01  SCV  
  21  2:07  Reaper  
  22  2:13  SCV  
  23  2:25  SCV  
  24  2:30  Factory  
  24  2:31  Refinery  
  24  2:37  SCV  
  25  2:47  Barracks Reactor  
  25  2:49  SCV  
  26  3:01  SCV  
  26  3:02  Orbital Command  
  27  3:13  SCV  
  28  3:21  Command Center  
  28  3:25  SCV  
  29  3:29  SCV  
  29  3:31  Barracks Tech Lab  
  29  3:32  Hellion x2  
  34  3:37  SCV  
  34  3:41  Supply Depot, SCV  
  36  3:49  SCV  
  36  3:52  Stimpack  
  36  3:53  SCV  
  36  3:54  Hellion  
  40  3:57  Hellion  
  40  4:02  SCV  
  43  4:05  SCV  
  43  4:06  Marine  
  45  4:14  SCV  
  46  4:17  Supply Depot, SCV  
  46  4:19  Hellion x2  
  51  4:26  SCV  
  51  4:29  SCV  
  53  4:34  Refinery  
  53  4:35  Refinery  
  53  4:38  SCV  
  55  4:39  Orbital Command  
  55  4:41  SCV  
  55  4:49  Supply Depot  
  55  4:50  SCV  
  56  4:54  SCV  
  57  5:02  SCV  
  57  5:05  SCV  
  57  5:06  SCV  
  60  5:14  SCV  
  60  5:17  SCV, Factory Tech Lab  
  60  5:18  SCV, Barracks  
  60  5:20  Barracks  
  60  5:21  Barracks  
  63  5:22  Barracks  
  63  5:26  SCV  
  64  5:29  SCV  
  64  5:30  SCV  
  64  5:32  Supply Depot x2  
  66  5:38  SCV  
  66  5:40  Siege Tank  
  66  5:41  SCV  
  66  5:42  SCV  
  72  5:50  SCV  
  72  5:54  SCV  
  75  5:58  Combat Shields  
  75  5:59  Orbital Command  
  75  6:00  Marauder  
  75  6:03  SCV  
  77  6:06  SCV  
  78  6:15  SCV, Barracks Tech Lab, Barracks Reactor x2  
  79  6:18  SCV  
  79  6:19  Siege Tank  
  83  6:27  SCV, Marine  
  83  6:28  Marauder, Marine  
  83  6:29  SCV  
  83  6:30  SCV  
  90  6:35  Supply Depot  
  90  6:36  Supply Depot x2  
  90  6:39  SCV  
  91  6:40  Engineering Bay x2  
  91  6:41  SCV  
  91  6:42  SCV  
  91  6:46  Marine x2  
  91  6:47  Marauder  
  95  6:51  SCV  
  95  6:53  SCV, Starport  
  97  6:56  SCV  
  97  6:58  Refinery  
  97  7:00  Refinery  
  97  7:01  Marine x3  
  98  7:02  Marauder, Siege Tank  
  98  7:03  SCV  
  98  7:05  SCV  
  98  7:08  Marauder  
  110  7:10  SCV  
  110  7:13  Marine x2  
  110  7:14  Marine  
  110  7:15  SCV  
  111  7:18  Terran Infantry Weapons Level 1, Terran Infantry Armor Level 1  
  111  7:20  SCV  
  111  7:22  Armory  
  112  7:23  Marauder, Supply Depot  
  112  7:24  Supply Depot  
  112  7:25  Supply Depot  
  114  7:31  Marine x2  
  114  7:32  Marauder, Bunker, Marine x2  
  114  7:35  Starport Reactor  
  120  7:38  SCV  
  120  7:39  Factory  
  120  7:42  SCV  
  122  7:44  Marauder  
  122  7:45  SCV, Marine  
  122  7:46  Marine  
  122  7:47  Siege Tank  
  122  7:49  Marine  
  131  7:53  Marauder  
  131  7:55  Supply Depot  
  131  7:56  Supply Depot  
  131  7:58  Marine x3  
  133  7:59  Supply Depot  
  128  8:06  Marauder  
  128  8:08  Supply Depot  
  128  8:09  Marine x3  
  128  8:11  SCV  
  134  8:14  Marine  
  134  8:16  Marine x3, Medivac x2  
  142  8:23  Factory Tech Lab  
  142  8:26  Marine  
  142  8:27  Marine x2, Concussive Shells  
  142  8:28  SCV  
  142  8:33  Marauder, Siege Tank  
  151  8:46  Medivac x2  
  151  8:52  Marine x3  
  151  8:53  Marauder, Siege Tank  
  151  8:54  Marauder, SCV  
  162  8:58  Marine  
  162  8:59  Marine x2  
  165  9:09  Marine  
  165  9:10  Marine  
  165  9:11  Marine  
  165  9:14  Marauder  
  165  9:15  Marauder  
  165  9:16  Command Center, Marine x2  
  174  9:19  Barracks  
  174  9:22  Marine  
  174  9:23  Barracks x2, Siege Tank  
  174  9:24  Barracks, Medivac  
  180  9:28  Marine  
  180  9:29  Terran Infantry Armor Level 2, Terran Infantry Weapons Level 2  
  181  9:44  Marine  
  181  9:45  Marine  
  181  9:48  Medivac  
  181  9:49  Marine  
  181  9:56  Marine  
  181  9:59  Marine x2  
  181  10:01  Marauder  
  181  10:02  Marine  
  181  10:03  Marauder, Marine  
  181  10:06  Siege Tank  
  180  10:07  Marine  
  180  10:10  Liberator  
  181  10:14  Starport  
  181  10:15  Starport  
  181  10:23  Supply Depot  
  181  10:25  Supply Depot  
  181  10:26  Supply Depot  
  181  10:27  Supply Depot, SCV x2, Marine, Siege Tank  
  181  10:28  Marauder x2  
  191  10:38  Marine x3  
  173  10:43  Marine x3  
  173  10:48  Marine  
  173  10:49  Marauder x2  
  168  10:50  Siege Tank  
  168  10:53  Marine  
  168  10:56  Marine x2  
  169  10:57  Barracks Reactor  
  169  11:00  Marine x2  
  169  11:01  Siege Tank  
  169  11:02  SCV  
  164  11:09  Marine x2  
  164  11:10  Marauder x2  
  170  11:16  SCV  
  162  11:29  Marine x4  
  162  11:30  Marine  
  162  11:32  Marauder x2  
  161  11:36  Marine x4  
  161  11:39  Marine  
  164  11:40  Marine  
  166  11:47  Marine x2  
  166  11:53  Marauder x2, Marine x3  
  171  11:58  Marine x2  
  171  11:59  SCV  
  171  12:00  Terran Infantry Weapons Level 3, Terran Vehicle Weapons Level 1  
  171  12:01  Terran Infantry Armor Level 3, Marine  
  165  12:06  Marine  
  165  12:07  Medivac  
  162  12:08  Marine  
  162  12:10  Barracks Reactor x2  
  162  12:11  Barracks Tech Lab  
  162  12:12  SCV  
  162  12:15  Marauder x2  
  163  12:19  Marine x2  
  163  12:20  Marine  
  163  12:21  SCV  
  158  12:27  Marine x3  
  160  12:31  Marine  
  160  12:32  Marauder, Marine  
  160  12:36  Marauder x2  
  167  12:42  Marine x3  
  169  12:48  Marine x3  
  172  12:54  Marauder  
  172  12:57  Marauder x2  
  178  13:04  Marine x2  
  178  13:05  Marine  
  176  13:08  Marine x2  
  171  13:15  Marauder, Marine x3  
  171  13:19  Marauder x2  
  179  13:26  Marine x2  
  171  13:36  Marauder  
  171  13:40  Marauder x2  
  157  13:43  Marine x2  
  157  13:48  Marine x2  
  147  13:55  Marine x2  
  129  13:58  Marauder  
  129  14:01  Marauder x2  
  128  14:12  Marine x2  
  130  14:18  Orbital Command  
  130  14:19  Marauder  
  130  14:22  Marine x2  
  130  14:23  Marine x2  
  136  14:33  Marine x2  
  136  14:34  Marauder, Marine  
  140  14:44  Terran Vehicle Weapons Level 2  
  128  14:54  Marine  
  128  14:55  Marauder, Marine x2  
  131  15:05  Marine x3  
  131  15:06  Marauder  
  127  15:12  Planetary Fortress  
  114  15:14  Marine x2  
  114  15:15  Marine  
  114  15:19  Marine  
  114  15:20  Marauder, Marine x2  
  111  15:22  Liberator x2  
  111  15:30  Marine x2  
  113  15:37  Marine x2  
  113  15:38  Marauder, Siege Tank x2  
  113  15:40  Marine x3  
  113  15:41  Marine x2  
  113  15:42  Marine  
  135  15:52  Marine x2  
  135  15:53  Marauder x2, Marine  
  135  15:56  Starport Reactor x2  
  142  15:59  SCV  
  143  16:05  Liberator x2  
  143  16:08  Marine x3  
  143  16:09  Marauder  
  143  16:10  Command Center  
  148  16:17  Liberator x2  
  148  16:18  Liberator x2  
  148  16:21  Marine x2  
  151  16:29  Marauder, Marine x3  
  151  16:30  Marine x2  
  132  16:33  Marine x3  
  132  16:36  Marine  
  132  16:37  Marine  
  132  16:38  Marauder, Marine  
  132  16:39  Marine x2  
  154  16:40  Siege Tank x2  
  160  16:48  Liberator  
  155  16:55  Marine x2  
  155  16:56  Marine x2  
  155  17:00  Marine  
  155  17:01  Marine x2  
  159  17:03  Marine x4  
  159  17:04  Marauder x3, Marine  
  174  17:13  Marine, Medivac  
  174  17:15  Marine x3  
  180  17:17  Medivac  
  180  17:19  Marine  
  183  17:23  Terran Vehicle Weapons Level 3  
  183  17:25  Marauder x2  
  187  17:32  Marine  
  187  17:33  Marauder, Marine x3  
  193  17:39  Marine x2  
  193  17:40  Marine x2  
  197  17:46  Marauder  
  197  17:48  Marine  
  200  17:54  Liberator x2  
  200  17:55  Liberator  
  198  17:59  Marine  
  198  18:00  Marauder, Marine x2  
  193  18:09  Marine  
  193  18:10  Marauder x2, Marine x3  
  163  18:26  Marine x2  
  158  18:31  Marine x2  
  158  18:32  Marauder, Marine  
  152  18:35  Marauder, Marine x4  
  152  18:36  Marauder  
  154  18:43  Marine x3  
  143  18:49  Marine x4  
  143  18:50  Siege Tank  
  143  18:51  Medivac x3  
  143  18:53  Marine x2  
  143  18:54  Marauder, Medivac  
  159  18:57  Marauder x2  
  159  18:59  Liberator, Marine  
  159  19:00  Liberator, Marine  
  160  19:04  Liberator x2  
  160  19:07  Marine  
  160  19:08  Marine x3  
  164  19:14  Marine  
  164  19:15  Marauder, Marine x4  
  172  19:18  Marauder x2  
  172  19:20  Refinery  
  172  19:21  Planetary Fortress, Refinery  
  183  19:24  Marine  
  183  19:25  Marine  
  183  19:36  Marauder  
  185  19:40  Marauder x2  
  185  19:46  Marine x3  
  185  19:47  Marine x2  
  185  19:48  Marine x7  
  197  19:58  Marauder  
  199  20:04  Marine  
  200  20:19  Marauder  
  196  20:26  Marine x3  
  196  20:27  Marine  
  200  20:49  Marine  
  197  20:50  Marine  
  184  21:07  Marine  
  184  21:08  Marauder, Marine  
  188  21:18  Marine x3  
  182  21:19  Marauder, Marine x8  
  182  21:25  Marine x2  
  178  21:27  Liberator x4  
  178  21:29  Marine  
  169  21:36  Marine x3  
  169  21:37  Marauder, Marine  
  169  21:38  Marine x4  
  177  21:40  Marauder  
  177  21:46  Marine x3  
  191  21:47  Marauder, Marine  
  191  21:50  Refinery x4  
  191  21:54  Command Center  
  194  21:55  Command Center  
  194  21:56  Marine x3  
  194  21:59  Marauder  
  194  22:00  Marine x2  
  198  22:02  Marauder  
Tags
 
Add a new tag
Caveats
  • Supply blocks, unpowered buildings, or Contaminate may cause inaccurate times.
  • Supply counts are checked every 10 seconds.